 Dungeon Crawl Stone Soup version 0.28.0-53-g5a82cb258f (webtiles) character file.

Game seed: 8171133421087455856

1029 Sin92 the Skirmisher (level 8, -2/62 HPs)
             Began as a Demonspawn Fighter on June 9, 2022.
             Was a Follower of Okawaru.
             Slain by a scorpion zombie (6 damage)
             ... on level 5 of the Dungeon on June 10, 2022.
             The game lasted 00:12:36 (6565 turns).

Sin92 the Skirmisher (Demonspawn Fighter)           Turns: 6565, Time: 00:12:37

Health: -2/62      AC: 13    Str: 16    XL:     8   Next: 3%
Magic:  8/8        EV: 11    Int: 10    God:    Okawaru [*.....]
Gold:   317        SH:  5    Dex: 15    Spells: 7/7 levels left

rFire   . . .      SeeInvis .   a - +0 long sword
rCold   . . .      Faith    .   c - +0 buckler
rNeg    . . .      Spirit   .   l - +0 chain mail
rPois   .          Reflect  .   (no helmet)
rElec   .          Harm     .   i - +0 cloak
rCorr   .          Rampage  .   (no gloves)
Will    .....                   (no boots)
Stlth   ..........              j - amulet of magic regeneration
HPRegen 0.20/turn               e - +4 ring of evasion
MPRegen 0.51/turn               k - ring of flight

@: flying
A: thin metallic scales 2, demonic magic 1, demonic touch 1
a: Renounce Religion, Heroism


You were on level 5 of the Dungeon.
You worshipped Okawaru.
Okawaru was aware of your devotion.
You visited 1 branch of the dungeon, and saw 5 of its levels.

You collected 317 gold pieces.

Inventory:

Hand Weapons
 a - a +0 long sword (weapon)
Missiles
 q - 2 javelins (quivered)
Armour
 b - a +0 scale mail
 c - a +0 buckler (worn)
 i - a +0 cloak (worn)
 l - a +0 chain mail (worn)
 m - a +0 cloak
Jewellery
 e - a +4 ring of evasion (left hand)
 f - a ring of fire
 j - an amulet of magic regeneration (around neck)
 k - a ring of flight (right hand)
Wands
 g - a wand of polymorph (14)
 o - a wand of flame (24)
Scrolls
 d - a scroll of identify
 p - a scroll of amnesia
Potions
 h - a potion of flight
 r - a potion of mutation


   Skills:
 + Level 5.1 Fighting
 + Level 4.2 Long Blades
 + Level 4.6 Armour
 + Level 3.5 Dodging
 + Level 4.6 Shields


You had 7 spell levels left.
You didn't know any spells.
Your spell library contained the following spells:

 Spells                   Type           Power      Damage    Failure   Level
 Beastly Appendage        Tmut           0%         N/A       100%        1


Dungeon Overview and Level Annotations

Branches:
Dungeon (5/15)             Temple (0/1) D:4

Altars:
Makhleb
Okawaru
Sif Muna


Innate Abilities, Weirdness & Mutations

You are mostly covered in thin metallic scales. (AC +3)
Spells you cast may paralyse adjacent enemies.
Your touch may inflict minor irresistible damage on your foes.


Message History

You have reached level 8!
You feel clever.
You hit the adder but do no damage.
The adder is severely wounded.
You feel sick. The adder closely misses you.
The scorpion zombie hits you but does no damage.
The dart slug launches a dart at you. The slug dart misses you.
You slash the adder!
You kill the adder!
Okawaru accepts your kill.
You feel sick.
The scorpion zombie hits you but does no damage.
You block the scorpion zombie's attack.
You hit the dart slug.
The dart slug is heavily wounded.
You feel sick. The dart slug barely misses you.
The scorpion zombie closely misses you.
You hit the dart slug.
The dart slug is heavily wounded.
You feel sick. The dart slug launches a dart at you. The slug dart misses you.
The scorpion zombie hits you but does no damage.
You hit the dart slug.
You kill the dart slug!
Okawaru accepts your kill.
You feel sick. The scorpion zombie closely misses you.
You feel sick.
You are no longer poisoned.
The scorpion zombie closely misses you.
You slash the scorpion zombie!
The scorpion zombie is moderately damaged.
The scorpion zombie hits you but does no damage.
The scorpion zombie hits you.
* * * LOW HITPOINT WARNING * * *
You hit the scorpion zombie.
The scorpion zombie is moderately damaged.
The scorpion zombie hits you.
You die...

#..............### ≈≈≈#
#................# ≈≈≈≈
#..............# #≈≈≈
#..............#≈ ≈≈≈≈
#.............≈≈ ≈≈≈≈
#......††.....≈# .≈.⌠
##.......†.....≈ .$.<
##...........≈# ≈≈..
###.@Z..#..#≈≈ ≈≈≈≈
##.#####..# # ≈≈≈≈ ##..#
..# ≈≈≈≈ #######..## ..#
≈≈≈≈ ........## ..###
#≈≈≈ ........# ...# ≈≈≈#
##########)## #...## ≈.
####........#..####.....#
#.
............#..##........
#


You could see a scorpion zombie.

Vanquished Creatures
  Sigmund (D:3)
  A black bear (D:4)
  An ogre (D:5)
  A phantom (D:5)
  3 scorpions (D:5)
  A centaur zombie (D:5)
  An orc priest (D:4)
  Crazy Yiuf (D:3)
  Jessica (D:3)
  An iguana (D:5)
  Ijyb (D:3)
  An orc wizard (D:4)
  Robin (D:2)
  7 gnolls
  3 adders
  A white imp (D:5)
  3 worms
  7 dart slugs
  10 orcs (D:4)
  3 bats
  5 endoplasms (D:3)
  9 giant cockroaches
  13 goblins
  13 hobgoblins
  3 jackals (D:1)
  7 kobolds
  3 quokkas
  8 ball pythons
  3 frilled lizards
113 creatures vanquished.

Vanquished Creatures (others)
  10 plants (D:2)
10 creatures vanquished.

Grand Total: 123 creatures vanquished

Notes
Turn   | Place    | Note
-------+----------+-------------------------------------------
     0 | D:1      | Sin92 the Demonspawn Fighter began the quest for the Orb.
     0 | D:1      | Reached XP level 1. HP: 18/18 MP: 1/1
    25 | D:1      | Found a faded altar of an unknown god.
    86 | D:1      | Got Plato's Papyrus of Moulding
   111 | D:1      | Gained mutation: Spells you cast may paralyse adjacent
                  | enemies. [demonic ancestry]
   111 | D:1      | Reached XP level 2. HP: 13/24 MP: 2/2
   585 | D:1      | Gained mutation: You are partially covered in thin metallic
                  | scales. (AC +2) [demonic ancestry]
   585 | D:1      | Reached XP level 3. HP: 29/29 MP: 3/3
  1027 | D:1      | Reached skill level 1 in Dodging
  1353 | D:2      | Noticed Robin
  1380 | D:2      | Killed Robin
  1381 | D:2      | Reached XP level 4. HP: 22/35 MP: 4/4
  2543 | D:2      | Reached XP level 5. HP: 42/42 MP: 5/5
  2969 | D:3      | Noticed Ijyb
  3016 | D:3      | Killed Ijyb
  3122 | D:3      | Noticed Sigmund
  3148 | D:3      | Killed Sigmund
  3149 | D:3      | Reached skill level 4 in Fighting
  3149 | D:3      | Gained mutation: Your touch may inflict minor irresistible
                  | damage on your foes. [demonic ancestry]
  3149 | D:3      | Reached XP level 6. HP: 20/48 MP: 6/6
  3616 | D:3      | Found a runed translucent door.
  3617 | D:3      | Noticed Crazy Yiuf
  3658 | D:3      | Noticed Jessica
  3663 | D:3      | Killed Jessica
  3821 | D:3      | Killed Crazy Yiuf
  4063 | D:4      | Found a burning altar of Makhleb.
  4536 | D:4      | Gained mutation: You are mostly covered in thin metallic
                  | scales. (AC +3) [demonic ancestry]
  4536 | D:4      | Reached XP level 7. HP: 50/55 MP: 7/7
  4558 | D:4      | Found a shimmering blue altar of Sif Muna.
  4558 | D:4      | Found an iron altar of Okawaru.
  4624 | D:4      | Became a worshipper of Warmaster Okawaru
  4894 | D:4      | Found a staircase to the Ecumenical Temple.
  5674 | D:5      | Entered Level 5 of the Dungeon
  6517 | D:5      | Reached skill level 5 in Fighting
  6542 | D:5      | HP: 2/56 [scorpion (5)]
  6554 | D:5      | Reached * piety under Okawaru
  6555 | D:5      | Reached XP level 8. HP: 14/62 MP: 8/8
  6565 | D:5      | Slain by a scorpion zombie

Illustrated notes

Levels and vault maps discovered:
D:1:      minmay_arrival_shattered_statue, layout_loops_ring,
          shapermc_ecumenical_altar_rom_forum, minmay_crystal_room
D:2:      layout_basic, nicolae_grassy_gnolls, uniq_robin
D:3:      layout_basic, interstate_on_off, kennysheep_generic_room_9,
          uniq_sigmund, uniq_ijyb, uniq_crazy_yiuf_cottage, uniq_jessica
D:4:      layout_basic, amcnicky_altar_gilded, jmf_multi_god_temple,
          minmay_temple_entry_junction
D:5:      kennysheep_slugbush, layout_cave_pods, overflow_temple_1_default,
          uniq_duvessa

Skill      XL: |  1  2  3  4  5  6  7 |
---------------+----------------------+-----
Long Blades    | 2 3 4 |  4.2
Shields        | 3 4 |  4.6
Dodging        | 1 2 3 |  3.5
Armour         | 3 4 |  4.6
Fighting       | 4 5 |  5.1

Action                   |  1- 3 |  4- 6 |  7- 9 || total
-------------------------+-------+-------+-------++-------
Melee: Long sword        |   106 |   226 |   142 ||   474
       Unarmed           |       |    12 |       ||    12
  Use: Potion            |     3 |     1 |     2 ||     6
       Scroll            |       |     3 |     3 ||     6
Armor: Scale mail        |    58 |     6 |       ||    64
       Skin              |    10 |     4 |       ||    14
       Chain mail        |       |   116 |   110 ||   226
Dodge: Dodged            |    39 |   162 |   117 ||   318
Block: Buckler           |    39 |    71 |    43 ||   153
